SL
THUNDER BAY NORTHERN LIONS BC @ NASHVILLE OUTLAWS
09/25/2038
 
TOP OF THE 1ST
Thunder Bay Northern Lions BC batting - Pitching for Nashville Outlaws : RHP Jesús Cruz
Pitching: RHP Jesús Cruz
Batting: LHB Jorge Herrera 0-0: Called Strike
0-1: Foul Ball, location: 2F
0-2: SINGLE (Groundball, 4MD, EV 96.2 MPH)
Batting: RHB Jason Slaybaugh 0-0: Ball
1-0: Foul Ball, location: 2F
1-1: Ball
2-1: Foul Ball, location: 2F
2-2: Strikes out looking
Batting: LHB Ramón Padilla 0-0: Swinging Strike
0-1: Ball
1-1: SINGLE (Groundball, 3D, EV 103.8 MPH)
Jorge Herrera to second
Runner from 2nd tries for 3rd, SAFE, throw by RF made to third
Batting: RHB Joe Aller 0-0: Called Strike
0-1: Ball
1-1: Ball
2-1: Grounds into double play, 4-6-3 (Groundball, 4, EV 86.9 MPH)
Top of the 1st over - 0 runs, 2 hits, 0 errors, 1 left on base; Thunder Bay 0 - Nashville 0
BOTTOM OF THE 1ST
Nashville Outlaws batting - Pitching for Thunder Bay Northern Lions BC : LHP Santiago Pérez
Pitching: LHP Santiago Pérez
Batting: LHB Bartolo Soto 0-0: Called Strike
0-1: SINGLE (Flyball, 7LS, EV 93.1 MPH)
Batting: RHB Mark Toope 0-0: Called Strike
Bartolo Soto steals 2nd base
0-1: Ball
Wild Pitch!
Bartolo Soto to third
1-1: Ball
2-1: Swinging Strike
2-2: Foul Ball, location: 2F
2-2: Foul Ball, location: 2F
2-2: SINGLE (Groundball, 34D, EV 106.2 MPH)
Bartolo Soto scores
Batting: RHB Jerry Yates 0-0: Called Strike
Mark Toope is caught stealing 2nd base 2-4
0-1: Called Strike
0-2: Ball
1-2: Foul Ball, location: 2F
1-2: Ball
2-2: Ground out 4-3 (Groundball, 4D, EV 98.1 MPH)
Batting: RHB Javier Sierra 0-0: Foul Ball, location: 2F
0-1: Ball
1-1: Ball
2-1: Ball
3-1: Base on Balls
Batting: LHB Myron Rosenbalm 0-0: Ball
1-0: Ball
2-0: Fly out, F6 (Line Drive, 6, EV 70.0 MPH)
Bottom of the 1st over - 1 run, 2 hits, 0 errors, 1 left on base; Thunder Bay 0 - Nashville 1
TOP OF THE 2ND
Thunder Bay Northern Lions BC batting - Pitching for Nashville Outlaws : RHP Jesús Cruz
Batting: RHB An-te-hai Qing 0-0: Called Strike
0-1: Ball
1-1: Foul Ball, location: 2F
1-2: Strikes out swinging
Batting: RHB Charles Josse 0-0: Ball
1-0: Fly out, F5 (Line Drive, 5, EV 75.0 MPH)
Batting: LHB Barry Flauker 0-0: Called Strike
0-1: Swinging Strike
0-2: Foul Ball, location: 2F
0-2: Ground out 2-3 (Groundball, 13S, EV 69.4 MPH)
Top of the 2nd over - 0 runs, 0 hits, 0 errors, 0 left on base; Thunder Bay 0 - Nashville 1
BOTTOM OF THE 2ND
Nashville Outlaws batting - Pitching for Thunder Bay Northern Lions BC : LHP Santiago Pérez
Batting: RHB Sadakuno Hashimoto 0-0: Ball
1-0: Ball
2-0: Ball
3-0: Called Strike
3-1: Swinging Strike
3-2: SOLO HOME RUN (Flyball, 9D, EV 105.6 MPH), Distance : 359 ft
Batting: LHB Seung-min Sin 0-0: Ball
1-0: Called Strike
1-1: Ball
2-1: SINGLE (Line Drive, 7LM, EV 110.6 MPH)
Batting: LHB Juan Caro 0-0: Fly out, F8 (Flyball, 8LM, EV 95.0 MPH)
Batting: LHB Wilson Hernández 0-0: Ball
1-0: Swinging Strike
1-1: Ball
2-1: Ball
3-1: Called Strike
3-2: Fielders Choice at 2nd, 3-6 (Groundball, 3, EV 76.2 MPH)
Batting: LHB Bartolo Soto 0-0: Ball
Wilson Hernández steals 2nd base
1-0: Ball
Wilson Hernández steals 3rd base
2-0: Called Strike
2-1: Ball
3-1: Ground out 4-3 (Groundball, 4, EV 85.6 MPH)
Bottom of the 2nd over - 1 run, 2 hits, 0 errors, 1 left on base; Thunder Bay 0 - Nashville 2
TOP OF THE 3RD
Thunder Bay Northern Lions BC batting - Pitching for Nashville Outlaws : RHP Jesús Cruz
Batting: LHB Kevin de Bruyne 0-0: Ball
1-0: Called Strike
1-1: Foul Ball, location: 2F
1-2: Ball
2-2: Strikes out swinging
Batting: LHB Tullu Amaad 0-0: Ball
1-0: Ball
2-0: Fly out, F7 (Flyball, 7S, EV 85.6 MPH)
Batting: LHB Jorge Herrera 0-0: Ball
1-0: Ball
2-0: Ball
3-0: Called Strike
3-1: Base on Balls
Batting: RHB Jason Slaybaugh 0-0: Ball
1-0: Ball
Jorge Herrera is caught stealing 2nd base 2-4
Top of the 3rd over - 0 runs, 0 hits, 0 errors, 0 left on base; Thunder Bay 0 - Nashville 2
BOTTOM OF THE 3RD
Nashville Outlaws batting - Pitching for Thunder Bay Northern Lions BC : LHP Santiago Pérez
Batting: RHB Mark Toope 0-0: Called Strike
0-1: Swinging Strike
0-2: Ball
1-2: Ball
2-2: Hit by Pitch
Batting: RHB Jerry Yates 0-0: Fly out, F8 (Flyball, 8RXD, EV 101.9 MPH)
Batting: RHB Javier Sierra 0-0: Called Strike
0-1: Ball
1-1: Ball
2-1: Grounds into double play, 2-4-3 (Groundball, 15S, EV 65.0 MPH)
Bottom of the 3rd over - 0 runs, 0 hits, 0 errors, 0 left on base; Thunder Bay 0 - Nashville 2
TOP OF THE 4TH
Thunder Bay Northern Lions BC batting - Pitching for Nashville Outlaws : RHP Jesús Cruz
Batting: RHB Jason Slaybaugh 0-0: Foul Ball, location: 2F
0-1: Ball
1-1: Foul Ball, location: 2F
1-2: Strikes out swinging, 2-3 out at first.
Batting: LHB Ramón Padilla 0-0: Ball
1-0: Foul Ball, location: 2F
1-1: Foul Ball, location: 2F
1-2: SINGLE (Groundball, 6M, EV 86.9 MPH) (infield hit)
Batting: RHB Joe Aller 0-0: Swinging Strike
0-1: Swinging Strike
0-2: Ball
1-2: Strikes out looking
Batting: RHB An-te-hai Qing 0-0: Ball
Ramón Padilla is caught stealing 2nd base 2-4
Top of the 4th over - 0 runs, 1 hit, 0 errors, 0 left on base; Thunder Bay 0 - Nashville 2
BOTTOM OF THE 4TH
Nashville Outlaws batting - Pitching for Thunder Bay Northern Lions BC : LHP Santiago Pérez
Batting: LHB Myron Rosenbalm 0-0: Ground out 4-3 (Groundball, 4MD, EV 103.8 MPH)
Batting: RHB Sadakuno Hashimoto 0-0: Called Strike
0-1: Foul Ball, location: 2F
0-2: Ball
1-2: Ball
2-2: Ball
3-2: Foul Ball, location: 2F
3-2: Base on Balls
Batting: LHB Seung-min Sin 0-0: Ball
1-0: Foul Ball, location: 2F
1-1: Called Strike
1-2: Ball
2-2: Strikes out swinging
Batting: LHB Juan Caro 0-0: Ball
Sadakuno Hashimoto steals 2nd base (no throw)
1-0: Reached on error, E5 (Groundball, 6, EV 92.5 MPH)
Sadakuno Hashimoto to third
Batting: LHB Wilson Hernández 0-0: Swinging Strike
0-1: Ball
1-1: Ball
2-1: Ball
3-1: SINGLE (Flyball, 78S, EV 93.1 MPH)
Sadakuno Hashimoto scores
Juan Caro to second
Runner from 2nd tries for 3rd, SAFE, no throw by CF
Batting: LHB Bartolo Soto 0-0: SINGLE (Line Drive, 56, EV 97.5 MPH)
Juan Caro scores
Wilson Hernández to second
Runner from 2nd tries for 3rd, SAFE, throw by LF made to third
Batting: RHB Mark Toope 0-0: Ball
1-0: Ball
2-0: Called Strike
2-1: Ball
3-1: Base on Balls
Bartolo Soto to second
Batting: RHB Jerry Yates 0-0: Fielders Choice at 2nd, 6-4 (Groundball, 6, EV 100.6 MPH)
Bottom of the 4th over - 2 runs, 2 hits, 1 error, 3 left on base; Thunder Bay 0 - Nashville 4
TOP OF THE 5TH
Thunder Bay Northern Lions BC batting - Pitching for Nashville Outlaws : RHP Jesús Cruz
Batting: RHB An-te-hai Qing 0-0: Called Strike
0-1: Called Strike
0-2: Strikes out looking
Batting: RHB Charles Josse 0-0: Ball
1-0: Called Strike
1-1: Ball
2-1: Ball
3-1: Called Strike
3-2: Foul Ball, location: 2F
3-2: Foul Ball, location: 2F
3-2: Ground out 5-3 (Groundball, 56, EV 83.8 MPH)
Batting: LHB Barry Flauker 0-0: Ball
1-0: Fly out, F8 (Flyball, 8LXD, EV 99.4 MPH)
Top of the 5th over - 0 runs, 0 hits, 0 errors, 0 left on base; Thunder Bay 0 - Nashville 4
BOTTOM OF THE 5TH
Nashville Outlaws batting - Pitching for Thunder Bay Northern Lions BC : LHP Santiago Pérez
Batting: RHB Javier Sierra 0-0: Ball
1-0: Fly out, F7 (Flyball, 7, EV 85.0 MPH)
Batting: LHB Myron Rosenbalm 0-0: Ball
1-0: Called Strike
1-1: Called Strike
1-2: DOUBLE (Line Drive, 89XD, EV 104.4 MPH)
Batting: RHB Sadakuno Hashimoto 0-0: Ball
1-0: Called Strike
1-1: Ball
2-1: Foul Ball, location: 2F
2-2: Ball
3-2: Strikes out swinging
Batting: LHB Seung-min Sin 0-0: SINGLE (Line Drive, 34D, EV 98.8 MPH)
Myron Rosenbalm to third
Runner from 3rd tries for Home, SAFE, throw by RF to home
Batting: LHB Juan Caro 0-0: Called Strike
0-1: Foul Ball, location: 2F
0-2: SINGLE (Groundball, 4MD, EV 105.0 MPH)
Seung-min Sin to second
Runner from 2nd tries for 3rd, SAFE, throw by CF made to third
Pitching: LHP Alejandro Guerra
Batting: LHB Wilson Hernández 0-0: SINGLE (Groundball, 6, EV 101.2 MPH) (infield hit)
Seung-min Sin scores
Juan Caro to second
Batting: LHB Bartolo Soto 0-0: Ball
1-0: Ball
2-0: SINGLE (Groundball, 34D, EV 108.8 MPH)
Juan Caro to third
Wilson Hernández to second
Runner from 3rd tries for Home, SAFE, throw by RF to home
Batting: RHB Mark Toope 0-0: Foul Ball, location: 2F
0-1: Ball
1-1: Swinging Strike
1-2: Ball
2-2: Strikes out swinging
Bottom of the 5th over - 3 runs, 5 hits, 0 errors, 2 left on base; Thunder Bay 0 - Nashville 7
TOP OF THE 6TH
Thunder Bay Northern Lions BC batting - Pitching for Nashville Outlaws : RHP Jesús Cruz
Batting: LHB Kevin de Bruyne 0-0: Called Strike
0-1: Ball
1-1: SINGLE (Groundball, 4MD, EV 103.8 MPH)
Batting: LHB Tullu Amaad 0-0: Ball
1-0: Ball
2-0: Called Strike
2-1: Foul Ball, location: 2F
2-2: Ball
3-2: Fly out, F3 (Popup, 34, EV 68.8 MPH)
Batting: LHB Jorge Herrera 0-0: Foul Ball, location: 2F
0-1: Ball
1-1: DOUBLE (Line Drive, 8LXD, EV 110.6 MPH)
Kevin de Bruyne to third
Runner from 3rd tries for Home, SAFE, no throw by CF
Batting: RHB Jason Slaybaugh 0-0: Ball
1-0: Called Strike
1-1: Ball
2-1: Ground out U3 (Groundball, 3, EV 92.5 MPH)
Jorge Herrera to third
Batting: LHB Ramón Padilla 0-0: Ball
1-0: Ball
2-0: Swinging Strike
2-1: Ball
3-1: Foul Ball, location: 2F
3-2: Ground out 6-3 (Groundball, 6M, EV 85.0 MPH)
Top of the 6th over - 1 run, 2 hits, 0 errors, 1 left on base; Thunder Bay 1 - Nashville 7
BOTTOM OF THE 6TH
Nashville Outlaws batting - Pitching for Thunder Bay Northern Lions BC : LHP Alejandro Guerra
Batting: RHB Jerry Yates 0-0: Ball
1-0: Ground out 6-3 (Groundball, 6, EV 104.4 MPH)
Batting: RHB Javier Sierra 0-0: Called Strike
0-1: Ball
1-1: Foul Ball, location: 2F
1-2: Foul Ball, location: 2F
1-2: Fly out, F9 (Line Drive, 9, EV 92.5 MPH)
Batting: LHB Myron Rosenbalm 0-0: Ground out 3-1 (Groundball, 3S, EV 89.4 MPH)
Bottom of the 6th over - 0 runs, 0 hits, 0 errors, 0 left on base; Thunder Bay 1 - Nashville 7
TOP OF THE 7TH
Thunder Bay Northern Lions BC batting - Pitching for Nashville Outlaws : RHP Jesús Cruz
Batting: RHB Joe Aller 0-0: Ball
1-0: Ball
2-0: DOUBLE (Line Drive, 89D, EV 103.8 MPH)
Batting: RHB An-te-hai Qing 0-0: Ball
1-0: Called Strike
1-1: Swinging Strike
1-2: Strikes out looking
Batting: RHB Charles Josse 0-0: Ball
1-0: Foul Ball, location: 2F
1-1: Foul Ball, location: 2F
1-2: Foul Ball, location: 2F
1-2: Ball
2-2: Foul Ball, location: 2F
2-2: Foul Ball, location: 2F
2-2: Ground out 5-3 (Groundball, 5S, EV 85.0 MPH)
Pitching: RHP John Rigsby
Batting: LHB Barry Flauker 0-0: Called Strike
0-1: Ball
1-1: Foul Ball, location: 2F
1-2: Foul Ball, location: 2F
1-2: Foul Ball, location: 2F
1-2: DOUBLE (Flyball, 8LD, EV 107.5 MPH)
Joe Aller scores
Batting: LHB Kevin de Bruyne 0-0: Called Strike
0-1: Foul Ball, location: 2F
0-2: Ball
1-2: Ball
2-2: Foul Ball, location: 2F
2-2: Strikes out swinging
Top of the 7th over - 1 run, 2 hits, 0 errors, 1 left on base; Thunder Bay 2 - Nashville 7
BOTTOM OF THE 7TH
Nashville Outlaws batting - Pitching for Thunder Bay Northern Lions BC : LHP Alejandro Guerra
Batting: RHB Sadakuno Hashimoto 0-0: Called Strike
0-1: Swinging Strike
0-2: Foul Ball, location: 2F
0-2: Ball
1-2: Strikes out swinging
Batting: LHB Seung-min Sin 0-0: Foul Ball, location: 2F
0-1: SOLO HOME RUN (Flyball, 89XD, EV 108.8 MPH), Distance : 414 ft
Batting: LHB Juan Caro 0-0: Ball
1-0: Ball
2-0: SINGLE (Groundball, 23, EV 66.2 MPH) (infield hit)
Batting: LHB Wilson Hernández 0-0: Ball
Juan Caro steals 2nd base
1-0: Called Strike
1-1: Swinging Strike
1-2: Ball
2-2: Strikes out swinging
Batting: LHB Bartolo Soto 0-0: Ground out 1-3 (Groundball, 13, EV 89.4 MPH)
Bottom of the 7th over - 1 run, 2 hits, 0 errors, 1 left on base; Thunder Bay 2 - Nashville 8
TOP OF THE 8TH
Thunder Bay Northern Lions BC batting - Pitching for Nashville Outlaws : RHP John Rigsby
Batting: LHB Tullu Amaad 0-0: Ball
1-0: Ground out U3 (Groundball, 3, EV 105.6 MPH)
Batting: LHB Jorge Herrera 0-0: Ground out U3 (Groundball, 3, EV 83.8 MPH)
Batting: RHB Jason Slaybaugh 0-0: Ball
1-0: Ball
2-0: Ball
3-0: Base on Balls
Batting: LHB Ramón Padilla 0-0: Called Strike
0-1: Foul Ball, location: 2F
0-2: Ball
1-2: Ball
2-2: Ground out 4-3 (Groundball, 4, EV 83.1 MPH)
Top of the 8th over - 0 runs, 0 hits, 0 errors, 1 left on base; Thunder Bay 2 - Nashville 8
BOTTOM OF THE 8TH
Nashville Outlaws batting - Pitching for Thunder Bay Northern Lions BC : LHP Alejandro Guerra
Batting: RHB Mark Toope 0-0: Swinging Strike
0-1: Swinging Strike
0-2: Foul Ball, location: 2F
0-2: Foul Ball, location: 2F
0-2: Ball
1-2: Ball
2-2: Foul Ball, location: 2F
2-2: Ball
3-2: Fly out, F9 (Flyball, 9S, EV 81.2 MPH)
Batting: RHB Jerry Yates 0-0: Ball
1-0: Ball
2-0: Called Strike
2-1: Fly out, F8 (Flyball, 8RXD, EV 96.2 MPH)
Batting: RHB Javier Sierra 0-0: Fly out, F9 (Line Drive, 9, EV 93.8 MPH)
Bottom of the 8th over - 0 runs, 0 hits, 0 errors, 0 left on base; Thunder Bay 2 - Nashville 8
TOP OF THE 9TH
Thunder Bay Northern Lions BC batting - Pitching for Nashville Outlaws : RHP John Rigsby
Batting: RHB Joe Aller 0-0: Fly out, F9 (Flyball, 89S, EV 83.8 MPH)
Batting: RHB An-te-hai Qing 0-0: Called Strike
0-1: Swinging Strike
0-2: Ball
1-2: Strikes out swinging
Batting: RHB Charles Josse 0-0: Ground out 1-3 (Groundball, 13S, EV 66.9 MPH)
Top of the 9th over - 0 runs, 0 hits, 0 errors, 0 left on base; Thunder Bay 2 - Nashville 8
Friday, April 17th, 2020 - OOTP Baseball 20.8 Build 74